 Dungeon Crawl Stone Soup version 0.28.0-62-gf88900778d (webtiles) character file.

Game seed: 5068146374042304632

429 cbfl8 the Chopper (level 6, -12/82 HPs)
             Began as a Minotaur Berserker on June 29, 2023.
             Was a Priest of Trog.
             Mangled by Menkaure (19 damage)
             ... on level 4 of the Dungeon.
             The game lasted 00:02:12 (3128 turns).

cbfl8 the Chopper (Minotaur Berserker)              Turns: 3128, Time: 00:02:13

Health: -12/82     AC:  9    Str: 22    XL:     6   Next: 66%
Magic:  5/5        EV:  9    Int:  4    God:    Trog [***...]
Gold:   116        SH:  0    Dex: 17    Spells: 5/5 levels left

rFire   . . .      SeeInvis .   a - +0 hand axe
rCold   . . .      Faith    .   (no shield)
rNeg    . . .      Spirit   .   j - +0 chain mail
rPois   .          Reflect  .   (helmet restricted)
rElec   .          Harm     .   (no cloak)
rCorr   .          Rampage  .   (no gloves)
Will    .....                   (no boots)
Stlth   ..........              (no amulet)
HPRegen 0.23/turn               c - +6 ring of dexterity
MPRegen 0.09/turn               d - +4 ring of slaying

@: berserking, very quick
A: horns 2, retaliatory headbutt
a: Renounce Religion, Berserk, Trog's Hand


You were on level 4 of the Dungeon.
You worshipped Trog.
Trog was most pleased with you.
You visited 1 branch of the dungeon, and saw 4 of its levels.

You collected 116 gold pieces.

Inventory:

Hand Weapons
 a - a +0 hand axe (weapon)
Armour
 j - a +0 chain mail (worn)
Jewellery
 c - a +6 ring of dexterity (left hand)
 d - a +4 ring of slaying (right hand)
Scrolls
 g - a scroll of identify
 h - 4 scrolls of fear
 i - a scroll of teleportation
 k - a scroll of brand weapon {unknown}
Potions
 b - a potion of invisibility {unknown}
 e - 2 potions of heal wounds {unknown}
 f - a potion of haste
 l - a potion of brilliance {unknown}


   Skills:
 + Level 4.8 Fighting
 + Level 6.6 Axes
 + Level 3.8 Armour
 + Level 2.8 Dodging
 + Level 0.7 Stealth
 * Level 2.4 Evocations


You had 5 spell levels left.
You didn't know any spells.
Your spell library was empty.

Dungeon Overview and Level Annotations

Branches:
Dungeon (4/15)
 Temple: D:4-7

Altars:
Fedhas

Shops:
D:3 :

Annotations:
D:4 Menkaure


Innate Abilities, Weirdness & Mutations

You have a pair of horns on your head.
You reflexively headbutt those who attack you in melee.


Message History

You start resting.
A hobgoblin comes into view. It is wielding a +0 flail.
A hobgoblin is nearby!
The hobgoblin shouts!
You hear a shout!
Things that are here:
a +0 scythe; a +0 robe; a wand of flame (6)
A hobgoblin is nearby!
A hobgoblin is nearby!
A hobgoblin is nearby!
You barely miss the hobgoblin. You headbutt the hobgoblin.
The hobgoblin is severely wounded.
The hobgoblin hits you with a +0 flail.
A hobgoblin is nearby!
You barely miss the hobgoblin.
The hobgoblin is severely wounded.
The hobgoblin completely misses you.
A hobgoblin is nearby!
You completely miss the hobgoblin. You punch the hobgoblin.
You kill the hobgoblin!
Trog accepts your kill.
Menkaure, Prince of Dust comes into view.
Menkaure is nearby!
Menkaure is nearby!
Found a club.
Menkaure casts a spell at you. Pain shoots through your body!
Menkaure is nearby!
Menkaure mumbles some strange words.
Menkaure seems to speed up.
Menkaure calls on the powers of darkness!
Your body is wracked with pain!
A red film seems to cover your vision as you go berserk!
You feel yourself moving faster!
You feel mighty! Menkaure hits you!
* * * LOW HITPOINT WARNING * * *
Menkaure hits you!
* * * LOW HITPOINT WARNING * * *
You hit Menkaure.
Menkaure is moderately damaged.
Menkaure hits you!!
You die...

......###.....#.
......##.......
#.....(#.#.#
#.....##.#.. ##
#.).####.... #..
######..#####....
##..###..#)..####......
#.)...........##.......
#....@......##........
#...M.....#.....<.....
............##.#........
............# .###......
.............#.# #......
..........##.#.# #......
........... ... ###.##.
...#.....#..... ##... #
##..


You could see Menkaure (fast).

Vanquished Creatures
  Sigmund (D:4)
  2 orc priests (D:4)
  2 iguanas
  An orc wizard (D:4)
  4 adders
  3 worms
  3 dart slugs
  10 orcs
  5 endoplasms
  7 goblins
  11 hobgoblins
  4 kobolds
  2 quokkas
  8 ball pythons
  9 bats
  A frilled lizard (D:1)
  A quokka skeleton (D:4)
  10 rats
84 creatures vanquished.

Notes
Turn   | Place    | Note
-------+----------+-------------------------------------------
     0 | D:1      | cbfl8 the Minotaur Berserker began the quest for the Orb.
     0 | D:1      | Reached XP level 1. HP: 19/19 MP: 0/0
   126 | D:1      | Reached XP level 2. HP: 26/27 MP: 1/1
   288 | D:1      | Reached skill level 4 in Axes
   874 | D:2      | Reached skill level 1 in Evocations
   982 | D:2      | Reached ** piety under Trog
  1061 | D:2      | Found a faded altar of an unknown god.
  1066 | D:2      | Reached XP level 3. HP: 29/33 MP: 2/2
  1710 | D:3      | Found a blossoming altar of Fedhas.
  1714 | D:3      | Reached XP level 4. HP: 41/41 MP: 3/3
  1927 | D:3      | Reached skill level 5 in Axes
  2130 | D:3      | Reached *** piety under Trog
  2219 | D:3      | Reached XP level 5. HP: 30/47 MP: 4/4
  2452 | D:3      | Found Pegidon's Book Shop.
  2655 | D:4      | Reached skill level 6 in Axes
  2655 | D:4      | Reached XP level 6. HP: 22/53 MP: 5/5
  3060 | D:4      | Noticed Sigmund
  3069 | D:4      | Killed Sigmund
  3121 | D:4      | Noticed Menkaure
  3128 | D:4      | Mangled by Menkaure

Illustrated notes

Levels and vault maps discovered:
D:1:      psy_arrival_statuary, layout_basic
D:2:      layout_basic, hellmonk_ecumenical_altar_slurped_away
D:3:      layout_basic, lemuel_tele_altar, serial_aquarium,
          aquarium_bridge_square [aquarium_subvault_bridge,
          aquarium_subvault_window, aquarium_subvault_bridge,
          aquarium_subvault_window], aquarium_window_fake, aquarium_window_fake,
          aquarium_window_corridor_1, aquarium_window_1, aquarium_view_4,
          aquarium_view_2d, aquarium_balcony_3b, serial_shops,
          nicolae_shop_hallway_plus, minivault_25
D:4:      layout_cave_pools, xom_butterflies, uniq_menkaure, uniq_eustachio,
          uniq_sigmund

Skill      XL: |  1  2  3  4  5 |
---------------+----------------+-----
Axes           | 4 5 6 |  6.6
Fighting       | 4 |  4.8
Evocations     | 1 2 |  2.4
Armour         | 3 |  3.8
Dodging        | |  2.8
Stealth        | |  0.7

Action                   |  1- 3 |  4- 6 || total
-------------------------+-------+-------++-------
Melee: Hand axe          |    74 |    73 ||   147
       Headbutt          |    10 |    14 ||    24
       Punch             |     1 |     3 ||     4
Invok: Berserk           |       |     2 ||     2
  Use: Scroll            |     2 |     2 ||     4
Armor: Animal skin       |    10 |       ||    10
       Ring mail         |     9 |     6 ||    15
       Chain mail        |       |    14 ||    14
Dodge: Dodged            |    40 |    30 ||    70
